 Dungeon Crawl Stone Soup version 0.28.0 (webtiles) character file.

Game seed: 18184043404655861385

403 Peloso the Slasher (level 6, -2/56 HPs)
             Began as a Minotaur Fighter on Feb 12, 2022.
             Slain by an ogre (17 damage)
             ... on level 4 of the Dungeon.
             The game lasted 00:04:43 (2520 turns).

Peloso the Slasher (Minotaur Fighter)               Turns: 2520, Time: 00:04:44

Health: -2/56      AC:  7    Str: 20    XL:     6   Next: 55%
Magic:  5/5        EV: 13    Int:  5    God:
Gold:   169        SH:  5    Dex: 12    Spells: 5/5 levels left

rFire   . . .      SeeInvis .   a - +0 long sword
rCold   . . .      Faith    .   c - +0 buckler
rNeg    . . .      Spirit   .   b - +0 scale mail
rPois   .          Reflect  .   (helmet restricted)
rElec   .          Harm     .   (no cloak)
rCorr   +          Rampage  .   (no gloves)
Will    .....                   (no boots)
Stlth   ..........              (no amulet)
HPRegen 0.18/turn               f - ring of resist corrosion
MPRegen 0.09/turn               g - +4 ring of evasion

@: brilliant
A: horns 2, retaliatory headbutt
a: no special abilities


You were on level 4 of the Dungeon.
You visited 1 branch of the dungeon, and saw 4 of its levels.

You collected 169 gold pieces.

Inventory:

Hand Weapons
 a - a +0 long sword (weapon)
Missiles
 i - 2 throwing nets (quivered)
Armour
 b - a +0 scale mail (worn)
 c - a +0 buckler (worn)
Jewellery
 f - a ring of resist corrosion (left hand)
 g - a +4 ring of evasion (right hand)
Scrolls
 h - 4 scrolls of identify
 j - a scroll of immolation {unknown}
Potions
 d - 2 potions of brilliance
 e - a potion of degeneration {unknown}
 k - a potion of curing
 l - a potion of heal wounds {unknown}


   Skills:
 + Level 5.4 Fighting
 + Level 5.6 Long Blades
 + Level 5.3 Armour
 + Level 1.4 Dodging
 + Level 4.1 Shields


You had 5 spell levels left.
You didn't know any spells.
Your spell library was empty.

Dungeon Overview and Level Annotations

Branches:
Dungeon (4/15)             Temple (0/1) D:4

Altars:
Qazlal

Annotations:
D:4 1 runed translucent door, Robin; passata's ghost, amateur FoFi


Innate Abilities, Weirdness & Mutations

You have a pair of horns on your head.
You reflexively headbutt those who attack you in melee.


Message History

The goblin barely misses you.
Robin says, "Bow before me, strongest of all the hobgoblins!"
Robin throws the goblin at you!
You barely miss the goblin. The goblin closely misses you.
You block the goblin's attack.
The goblin shoots a stone.
The stone misses you. The hobgoblin hits you.
* * * LOW HITPOINT WARNING * * *
You completely miss the goblin. You headbutt the goblin.
You kill the goblin!
You block the goblin's attack.
The goblin shoots a stone.
You block the stone. The hobgoblin barely misses you.
Unknown command.
An ogre comes into view. It is wielding a +0 giant club.
The ogre shouts!
The goblin shoots a stone.
The stone hits you.
* * * LOW HITPOINT WARNING * * *
The ogre moves out of view.
You see here a +0 robe.
Robin roars a battlecry!
The goblins go into a battle-frenzy!
The goblin shoots a stone.
The stone hits you.
* * * LOW HITPOINT WARNING * * *
Robin throws the goblin at you! You block the ogre's attack.
Found 21 arrows.
It was a potion of curing.
You feel better. You block the goblin's attack.
Robin roars a battlecry!
The goblin goes into a battle-frenzy!
It was a potion of brilliance.
You feel clever all of a sudden. The goblin hits you with a +0 dagger.
Robin throws the goblin at you! The goblin closely misses you.
You slash the goblin!
You kill the goblin!
The goblin hits you with a +0 dagger.
* * * LOW HITPOINT WARNING * * *
You hit the ogre.
The ogre is moderately wounded.
The ogre hits you with a +0 giant club!
You die...

...# . ....## .. ##...##
###### ...
⌠##..g###....# ....
..##...##....# ..(..
!..##...#...g#####......
♣..W#)..)...g.gO@g......
?..##)..#..gg#######..#.
..##?..[#.....##
⌠##...............
##..........>.....
...................
......)..####......
........... ......
....#...#### .....


You could see an ogre, Robin, 3 hobgoblins and 2 goblins.

Vanquished Creatures
  Edmund (D:4)
  A bullfrog (D:3)
  A scorpion (D:4)
  3 gnolls (D:2)
  7 adders
  5 worms
  4 orcs (D:3)
  5 ball pythons
  3 endoplasms
  2 giant cockroaches
  8 goblins
  7 hobgoblins
  2 quokkas (D:3)
  6 bats
  8 frilled lizards
  3 kobolds
  7 rats
73 creatures vanquished.

Notes
Turn   | Place    | Note
-------+----------+-------------------------------------------
     0 | D:1      | Peloso the Minotaur Fighter began the quest for the Orb.
     0 | D:1      | Reached XP level 1. HP: 19/19 MP: 0/0
   265 | D:1      | Reached XP level 2. HP: 27/27 MP: 1/1
   385 | D:1      | Found a faded altar of an unknown god.
   633 | D:2      | Reached XP level 3. HP: 33/33 MP: 2/2
   710 | D:2      | Reached XP level 4. HP: 26/41 MP: 3/3
  1142 | D:2      | Found a stormy altar of Qazlal.
  1868 | D:3      | Reached XP level 5. HP: 30/47 MP: 4/4
  2128 | D:3      | Reached skill level 1 in Dodging
  2411 | D:4      | Noticed Edmund
  2417 | D:4      | Killed Edmund
  2418 | D:4      | Reached skill level 5 in Fighting
  2418 | D:4      | Reached skill level 5 in Long Blades
  2418 | D:4      | Reached skill level 5 in Armour
  2418 | D:4      | Reached XP level 6. HP: 47/56 MP: 5/5
  2486 | D:4      | Found a runed translucent door.
  2486 | D:4      | Noticed passata's ghost (amateur FoFi)
  2489 | D:4      | Noticed Robin
  2491 | D:4      | Found a staircase to the Ecumenical Temple.
  2520 | D:4      | Slain by an ogre

Illustrated notes

Levels and vault maps discovered:
D:1:      wander_arrival_fairy_ring, layout_loops_cross, basic_ecumenical_altar
D:2:      layout_loops_ring, basic_altar, nicolae_wormholes
D:3:      layout_rooms
D:4:      layout_rooms, minmay_temple_entry_butterflies,
          hellmonk_ghost_happy_afterlife, nicolae_ossuary_entry_plus,
          uniq_edmund, uniq_robin

Skill      XL: |  1  2  3  4  5 |
---------------+----------------+-----
Fighting       | 4 5 |  5.4
Armour         | 4 5 |  5.3
Long Blades    | 3 4 5 |  5.6
Dodging        | 1 |  1.4
Shields        | 4 |  4.1

Action                   |  1- 3 |  4- 6 || total
-------------------------+-------+-------++-------
Melee: Long sword        |    62 |   102 ||   164
       Headbutt          |     7 |    16 ||    23
  Use: Scroll            |       |     4 ||     4
       Potion            |       |     3 ||     3
Armor: Scale mail        |    26 |    35 ||    61
Dodge: Dodged            |    28 |    68 ||    96
Block: Buckler           |    17 |    28 ||    45
